 Dungeon Crawl Stone Soup version 0.30.1 (webtiles) character file.

Game seed: 14093490791827154938

1330 Cheops the Cleaver (level 8, 0/64 HPs)
             Began as a Minotaur Fighter on July 7, 2023.
             Succumbed to a gnoll sergeant's poison
             ... on level 5 of the Dungeon.
             The game lasted 00:09:12 (4476 turns).

Cheops the Cleaver (Minotaur Fighter)               Turns: 4476, Time: 00:09:12

Health: 0/64       AC: 11    Str: 22    XL:     8   Next: 34%
Magic:  7/7        EV: 14    Int:  5    God:
Gold:   282        SH:  5    Dex: 11    Spells: 7/7 levels left

rFire   . . .        a - +0 war axe
rCold   . . .        c - +0 buckler
rNeg    . . .        B - +0 scale mail
rPois   .            (helmet restricted)
rElec   .            y - +0 cloak
rCorr   .            (no gloves)
SInv    .            x - +2 pair of boots
Will    .....        (no amulet) Stlth
                     i - +5 ring of evasion
HPRegen 0.30/turn    (no ring)
MPRegen 0.10/turn

%: no passive effects
@: lethally poisoned (0 -> -19), marked, flying, hasted, very quick
A: horns 2, retaliatory headbutt
a: no special abilities


You were on level 5 of the Dungeon.
You visited 1 branch of the dungeon, and saw 5 of its levels.

You collected 282 gold pieces.

Inventory:

Hand Weapons
 a - a +0 war axe (weapon)
 b - a +1 whip of flaming
 A - the +8 short sword of Migru {heavy, rElec rCorr MP+9 Int-2}
   (You found it on level 4 of the Dungeon)

   Int:       It affects your intelligence (-2).
   rElec:     It insulates you from electricity.
   MP:        It affects your magic capacity (+9).
   rCorr:     It protects you from acid and corrosion.
Missiles
 g - 44 stones (quivered)
 j - 12 boomerangs
 k - 15 poisoned darts
Armour
 c - a +0 buckler (worn)
 x - a +2 pair of boots (worn)
 y - a +0 cloak (worn)
 B - a +0 scale mail (worn)
Jewellery
 i - a +5 ring of evasion (left hand)
Wands
 w - a wand of roots (8)
 E - a wand of paralysis (7)
Scrolls
 h - 2 scrolls of magic mapping {unknown}
 l - 5 scrolls of identify {unknown}
 m - 3 scrolls of teleportation {unknown}
 n - a scroll of vulnerability {unknown}
 o - a scroll of poison {unknown}
 r - 2 scrolls of fog {unknown}
 t - a scroll of brand weapon {unknown}
 u - a scroll of blinking {unknown}
Potions
 d - 2 potions of might
 e - 2 potions of flight
 p - a potion of resistance {unknown}
 q - a potion of curing {unknown}
 s - a potion of ambrosia {unknown}
 v - a potion of heal wounds {unknown}
 z - a potion of attraction {unknown}
 C - a potion of magic {unknown}
 D - a potion of degeneration {unknown}


   Skills:
 - Level 3.6 Fighting
 + Level 11.5 Axes
 - Level 3.6 Armour
 - Level 5.0 Shields
 - Level 2.0 Evocations


You had 7 spell levels left.
You didn't know any spells.
Your spell library contained the following spells:

 Spells                   Type           Power      Damage    Failure   Level
 Lesser Beckoning         Tloc           0%         N/A       94%         2
 Scorch                   Fire           0%         2d5       94%         2
 Static Discharge         Conj/Air       0%         2-2/arc   94%         2
 Sublimation of Blood     Necr           0%         N/A       94%         2
 Gell's Gravitas          Tloc           0%         N/A       99%         3
 Inner Flame              Hex/Fire       0%         N/A       99%         3
 Teleport Other           Tloc           0%         N/A       99%         3
 Airstrike                Air            0%         2d(0-16)  100%        4
 Flame Wave               Conj/Fire      0%         2d4       100%        4
 Petrify                  Tmut/Erth      0%         N/A       100%        4
 Sticky Flame             Conj/Fire      0%         2d3       100%        4
 Summon Lightning Spire   Summ/Air       0%         N/A       100%        4
 Irradiate                Conj/Tmut      0%         3d11      100%        5
 Summon Cactus Giant      Summ           0%         N/A       100%        6


Dungeon Overview and Level Annotations

Branches:
Dungeon (5/15)
 Temple: D:4-7

Altars:
Kikubaaqudgha
Ru
Xom
The Shining One

Shops:
D:1 [   D:2 [

Annotations:
D:5 exclusion: orc warrior


Innate Abilities, Weirdness & Mutations

You have a pair of horns on your head.
You reflexively headbutt those who attack you in melee.


Message History

The ice beast is severely wounded.
You feel sick.
You slash the ice beast!
You kill the ice beast!
You feel sick.
The gnoll sergeant hits you but does no damage.
You are more poisoned.
The gnoll barely misses you.
Training target 2.0 for Evocations reached!
Your Evocations skill increases to level 2!
You feel very sick. The gnoll misses you.
The gnoll sergeant hits you with a +2 spear of venom.
* * * LOW HITPOINT WARNING * * *
You closely miss the gnoll. Your headbutt misses the gnoll.
The gnoll sergeant blocks your attack.
You feel very sick. The gnoll misses you.
The gnoll sergeant hits you with a +2 spear of venom.
* * * LOW HITPOINT WARNING * * *
You are lethally poisoned!
You slash the gnoll!
The gnoll is severely wounded.
You hit the gnoll sergeant but do no damage.
* * * LOW HITPOINT WARNING * * *
You feel very sick.
The gnoll sergeant hits you but does no damage.
You are more poisoned.
The gnoll hits you with a +0 spear.
* * * LOW HITPOINT WARNING * * *
It was a potion of flight.
You feel very buoyant.
You fly up into the air.
* * * LOW HITPOINT WARNING * * *
You feel very sick. The gnoll hits you but does no damage.
You block the gnoll sergeant's attack.
Okay, then.
Okay, then.
It was a potion of haste.
You feel yourself speed up.
You die...

. ### #.... ..###.. .._.
....>.. ... # .......
..##.# ....... #...
......g####.#
#....g@)...######
#.....$)........#
#.....).........#
########.S......# ###
##+###.....#........#
#..##...##.....#........#
...............#........#
...............'........#
.........†.....#........#


You could see a gnoll sergeant, a gnoll and an adder.

Vanquished Creatures
  Pikel (D:5)
  An ice beast (D:5)
  2 lemures (D:5)
  2 phantoms
  2 scorpions
  3 hounds
  3 orc priests
  An iguana (D:4)
  An orc wizard (D:5)
  11 gnolls
  6 adders
  A shadow imp (D:5)
  A white imp (D:5)
  2 dart slugs
  17 orcs
  5 ball pythons
  3 bats
  4 endoplasms
  4 giant cockroaches
  18 goblins
  11 hobgoblins
  4 jackals (D:1)
  4 quokkas
  4 frilled lizards
  2 kobolds (D:4)
  A rat (D:3)
114 creatures vanquished.

Notes
Turn   | Place    | Note
-------+----------+-------------------------------------------
     0 | D:1      | Cheops the Minotaur Fighter began the quest for the Orb.
     0 | D:1      | Reached XP level 1. HP: 19/19 MP: 0/0
    27 | D:1      | Found a faded altar of an unknown god.
   117 | D:1      | Reached skill level 3 in Axes
   119 | D:1      | Reached XP level 2. HP: 25/26 MP: 1/1
   192 | D:1      | Found Emitaupt's Antique Armour Shop.
   748 | D:2      | Found Pinnevy's Antique Armour Boutique.
   801 | D:2      | Reached XP level 3. HP: 31/31 MP: 2/2
   801 | D:2      | Found an ancient bone altar of Kikubaaqudgha.
   834 | D:2      | Reached skill level 4 in Axes
  1757 | D:3      | Reached XP level 4. HP: 38/39 MP: 3/3
  1882 | D:3      | Reached skill level 5 in Axes
  1921 | D:3      | Found a sacrificial altar of Ru.
  2343 | D:4      | Reached skill level 5 in Shields
  2343 | D:4      | Reached XP level 5. HP: 21/45 MP: 4/4
  2586 | D:4      | Reached skill level 6 in Axes
  2694 | D:4      | Identified the +8 short sword of Migru {heavy, rElec rCorr
                  | MP+9 Int-2}
  2786 | D:4      | Reached skill level 7 in Axes
  2786 | D:4      | Reached XP level 6. HP: 48/51 MP: 5/5
  2837 | D:4      | Found a glowing golden altar of the Shining One.
  3023 | D:4      | Reached skill level 8 in Axes
  3086 | D:4      | Found a shimmering altar of Xom.
  3387 | D:5      | Entered Level 5 of the Dungeon
  3387 | D:5      | Noticed an orc warrior
  3457 | D:5      | Noticed Pikel
  3480 | D:5      | Killed Pikel
  3481 | D:5      | Reached skill level 10 in Axes
  3481 | D:5      | Reached XP level 7. HP: 4/57 MP: 6/6
  3862 | D:5      | Reached XP level 8. HP: 44/64 MP: 7/7
  4099 | D:5      | Reached skill level 11 in Axes
  4354 | D:5      | Reached skill level 1 in Evocations
  4450 | D:5      | Found an ancient bone altar of Kikubaaqudgha.
  4476 | D:5      | Succumbed to a gnoll sergeant's poison

Illustrated notes

Levels and vault maps discovered:
D:1:      evilmike_arrival_hilbert_curve, layout_loops_ring, serial_shops,
          nicolae_shop_overgrown_old_shop, chequers_ecumenical_altar_simple
D:2:      cheibrodos_greedy_goblins, layout_basic, basic_altar, serial_shops,
          shop
D:3:      layout_loops_ring, nicolae_ru_awakened_eye
D:4:      layout_rooms, nicolae_tso_carved_into_rock, marbit_many_paths,
          minmay_fractal_squares_gapless_5
D:5:      layout_gridville, nicolae_overflow_crystal_walls,
          hangedman_decor_clover_reticule, guppyfry_early_orc_mine, uniq_pikel

Skill      XL: |  1  2  3  4  5  6  7  8 |
---------------+-------------------------+-----
Axes           | 3 4 5 7 10 11 | 11.5
Shields        | 4 5 |  5.0
Evocations     | 2 |  2.0
Fighting       | |  3.6
Armour         | |  3.6

Action                     |  1- 3 |  4- 6 |  7- 9 || total
---------------------------+-------+-------+-------++-------
  Melee: War axe           |    68 |   127 |    67 ||   262
         Headbutt          |     8 |    17 |     7 ||    32
         Whip              |       |       |     3 ||     3
    Use: Potion            |       |       |     2 ||     2
 Armour: Scale mail        |    19 |    27 |    29 ||    75
  Dodge: Dodged            |    39 |    78 |    48 ||   165
  Block: Buckler           |     4 |    33 |    17 ||    54
